 Dungeon Crawl Stone Soup version 0.31-b1-22-gc680215f68 (webtiles) character file.

Game seed: 9565770649792937393

58 Aldia the Trooper (level 4, -2/45 HPs)
             Began as an Oni Warper on Jan 18, 2024.
             Slain by an iguana (13 damage)
             ... on level 3 of the Dungeon.
             The game lasted 00:03:27 (1456 turns).

Aldia the Trooper (Oni Warper)                      Turns: 1456, Time: 00:03:27

Health: -2/45      AC:  3    Str: 17    XL:     4   Next: 1%
Magic:  5/7        EV:  9    Int: 14    God:
Gold:   54         SH:  0    Dex:  8    Spells: 6/8 levels left

rFire   . . .        a - +0 mace
rCold   . . .        (no shield)
rNeg    . . .        b - +0 robe
rPois   .            (helmet restricted)
rElec   .            (no cloak)
rCorr   .            (gloves unavailable)
SInv    .            (boots unavailable)
Will    .....        (no amulet)
Stlth   +            (no ring)
HPRegen 0.27/turn    (no ring)
MPRegen 0.10/turn

%: no passive effects
@: on blink cooldown
A: large, unfitting armour, horns 1, tough skin 1, double potion healing,
drunken brawling
a: no special abilities


You were on level 3 of the Dungeon.
You visited 1 branch of the dungeon, and saw 3 of its levels.

You collected 84 gold pieces.
You spent 30 gold pieces at shops.

Inventory:

Hand Weapons
 a - a +0 mace (weapon)
Missiles
 d - 7 darts of dispersal (quivered)
 t - 5 poisoned darts
Armour
 b - a +0 robe (worn)
 g - an orb of guile
Scrolls
 c - a scroll of blinking
 e - a scroll of brand weapon {unknown}
 f - a scroll of amnesia {unknown}
 i - a scroll of noise {unknown}
 k - a scroll of enchant armour {unknown}
 m - a scroll of vulnerability {unknown}
 n - a scroll of poison {unknown}
 o - a scroll of fear {unknown}
 r - a scroll of immolation {unknown}
Potions
 h - a potion of invisibility {unknown}
 l - 2 potions of heal wounds
 p - 2 potions of curing
 q - a potion of magic
 s - a potion of brilliance {unknown}


   Skills:
 + Level 3.5 Fighting
 * Level 3.2 Maces & Flails
 - Level 1.0 Throwing
 - Level 2.1 Dodging
 - Level 2.5 Spellcasting
 + Level 3.1 Translocations


You had 6 spell levels left.
You knew the following spells:

 Your Spells              Type           Power      Damage    Failure   Level
a - Blink                 Tloc           20%        N/A       10%         2

Your spell library contained the following spells:

 Spells                   Type           Power      Damage    Failure   Level
 Lesser Beckoning         Tloc           20%        N/A       10%         2
 Teleport Other           Tloc           10%        N/A       19%         3
 Manifold Assault         Tloc           10%        N/A       52%         4
 Vhi's Electric Charge    Tloc/Air       12%        N/A       75%         4


Dungeon Overview and Level Annotations

Branches:
Dungeon (3/15)

Altars:

Shops:
D:2 !

Annotations:
D:2 1 runed translucent door, Crazy Yiuf


Innate Abilities, Weirdness & Mutations

You are too large for most types of armour.
You have a pair of small horns on your head.
You have tough skin. (AC +1)
You gain doubled healing and magic from potions.
Whenever you drink a healing potion, you attack all around you.


Message History

The jackal closely misses you. The jackal bites you. x3
You sock the jackal!
You kill the jackal!
The jackal bites you. x2; The jackal barely misses you.
The jackal bites you.
You hit the jackal but do no damage. You headbutt the jackal.
You kill the jackal!
The jackal barely misses you. The jackal bites you.
The goblin hits you with a +0 dagger.
Found a sling.
The jackal attacks as it pursues you! The jackal closely misses you.
The goblin hits you but does no damage.
You see here a jackal corpse.
The jackal bites you.
You are too injured to fight recklessly!
You are too injured to fight recklessly!
You are too injured to fight recklessly!
You hit the jackal but do no damage.
The jackal bites you but does no damage.
You thump the jackal!
You kill the jackal!
You barely miss the goblin. The goblin closely misses you.
You hit the goblin but do no damage. The goblin hits you with a +0 dagger.
You thump the goblin!
You kill the goblin!
The iguana bites you but does no damage.
You have reached level 4!
You hit the iguana.
The iguana is lightly wounded.
The iguana bites you.
You closely miss the iguana.
The iguana is lightly wounded.
The iguana bites you.
* * * LOW HITPOINT WARNING * * *
Unknown command.
Casting: Blink (safe; 10% risk of failure)
Confirm with . or Enter, or press ? or * to list all spells.
You blink.
The iguana barely misses you.
You hit the iguana but do no damage.
The iguana is lightly wounded.
The iguana bites you!
You die...

......... .....).
...>.. .... ..[ #.#
#.#######.##
#.....§l@..#
#########..# #..#
#..# ##########..#
............########
########............
#....########
#....#####


You could see an iguana.

Vanquished Creatures
  An adder (D:2)
  5 ball pythons
  5 endoplasms
  A giant cockroach (D:1)
  7 hobgoblins
  3 jackals (D:3)
  A kobold (D:1)
  3 bats
  2 frilled lizards (D:2)
  11 goblins
  4 rats
43 creatures vanquished.

Notes
Turn   | Place    | Note
-------+----------+-------------------------------------------
     0 | D:1      | Aldia the Oni Warper began the quest for the Orb.
     0 | D:1      | Reached XP level 1. HP: 22/22 MP: 3/3
    80 | D:1      | HP: 1/22 [endoplasm (1)]
    81 | D:1      | Reached XP level 2. HP: 2/29 MP: 5/5
   275 | D:1      | Learned a level 2 spell: Blink
   358 | D:1      | Found a faded altar of an unknown god.
   496 | D:1      | Reached XP level 3. HP: 37/37 MP: 6/6
  1031 | D:2      | Found a runed translucent door.
  1032 | D:2      | Noticed Crazy Yiuf
  1135 | D:2      | Found Ulimp's Distillery.
  1154 | D:2      | Bought a potion of curing for 30 gold pieces
  1453 | D:3      | Reached XP level 4. HP: 22/45 MP: 7/7
  1456 | D:3      | Slain by an iguana

Illustrated notes

Levels and vault maps discovered:
D:1:      dpeg_arrival_windows_large_door, layout_rooms,
          chequers_ecumenical_altar_simple
D:2:      layout_basic, serial_shops, nicolae_shop_window_shopping,
          uniq_crazy_yiuf_cottage
D:3:      layout_loops_ring, nicolae_overflow_crystal_walls

Skill      XL: |  1  2  3 |
---------------+----------+-----
Fighting       | 3 |  3.5
Translocations | 3 |  3.1
Maces & Flails | 3 |  3.2
Throwing       | |  1.0
Dodging        | |  2.1
Spellcasting   | |  2.5

Action                     |  1- 3 |  4- 6 || total
---------------------------+-------+-------++-------
  Melee: Mace              |   109 |     3 ||   112
         Headbutt          |    14 |       ||    14
         Punch             |     1 |       ||     1
   Cast: Blink             |       |     1 ||     1
    Use: Scroll            |     3 |       ||     3
 Armour: Robe              |    85 |     3 ||    88
  Dodge: Dodged            |    76 |     1 ||    77
